 Dungeon Crawl Stone Soup version 0.31.0-9-g3a7656b989 (webtiles) character file.

Game seed: 743337841375473549

316 qw the Shooter (level 6, -1/51 HPs)
             Began as a Demigod Hunter on Feb 2, 2024.
             Slain by a gnoll
             ... wielding a +0 whip
             ... led by a gnoll bouda
              (5 damage)
             ... on level 4 of the Dungeon.
             The game lasted 00:00:15 (3366 turns).

qw the Shooter (Demigod Hunter)                     Turns: 3366, Time: 00:00:16

Health: -1/51      AC:  5    Str: 18    XL:     6   Next: 0%
Magic:  8/8        EV: 13    Int: 11    God:
Gold:   151        SH:  0    Dex: 25    Spells: 5/5 levels left

rFire   + . .        a - +0 shortbow
rCold   + . .        (shield currently unavailable)
rNeg    . . .        c - +2 robe {rC+ rF+}
rPois   .            (no helmet)
rElec   .            (no cloak)
rCorr   .            (no gloves)
SInv    .            j - +0 pair of boots
Will    .....        o - amulet of the acrobat
Stlth   ++           n - +6 ring of strength
HPRegen 0.28/turn    (no ring)
MPRegen 0.11/turn

%: acrobat
@: about to teleport
A: high MP 1, forlorn, divine attributes
a: no special abilities


You were on level 4 of the Dungeon.
You visited 1 branch of the dungeon, and saw 4 of its levels.

You collected 151 gold pieces.


Innate Abilities, Weirdness & Mutations

You have an increased reservoir of magic. (+10% MP)
You shall have no god before yourself.
Your divine heritage dramatically boosts your attributes as you level up.


   Skills:
 - Level 3.2 Fighting
 - Level 6.0 Ranged Weapons
 - Level 1.0 Armour
 + Level 2.1 Dodging
 - Level 0.8 Stealth


You had 5 spell levels left.
You didn't know any spells.
Your spell library was empty.

Inventory:

Hand Weapons
 a - a +0 shortbow (weapon)
Armour
 c - a +2 robe of resistance (worn)
 j - a +0 pair of boots (worn)
Jewellery
 n - a +6 ring of strength (left hand)
 o - an amulet of the acrobat (around neck)
Wands
 k - a wand of mindburst (14)
 q - a wand of iceblast (9)
Scrolls
 d - a scroll of poison {unknown}
 f - a scroll of identify
 g - a scroll of teleportation
Potions
 b - 3 potions of haste
 e - 4 potions of curing
 h - 3 potions of might
 i - a potion of enlightenment {unknown}
 l - a potion of berserk rage {unknown}
 m - a potion of cancellation {unknown}

Dungeon Overview and Level Annotations

Branches:
Dungeon (4/15)
 Temple: D:4-7


Message History

l - a blue potion
There is an escape hatch in the ceiling here.
Things that are here:
a +0 whip; 2 stones You see here a ball python corpse.
As you open the door, it creaks loudly!
A gnoll bouda and 3 gnolls come into view.
The gnoll shouts! x3; The gnoll bouda shouts!
You shoot an arrow.
The arrow hits the gnoll but does no damage.
The gnoll bouda gazes fiercely through you!
You feel your attacks grow feeble. The gnoll bouda barely misses you.
The gnoll hits you with a +0 whip.
You shoot an arrow.
The arrow hits the gnoll bouda but does no damage.
The gnoll barely misses you.
The gnoll hits you from afar with a +0 spear.
The gnoll bouda hits you with a +0 club!
You shoot an arrow. The arrow hits the gnoll bouda!
The gnoll bouda is moderately wounded.
The gnoll hits you with a +0 whip.
The gnoll hits you from afar with a +0 spear!
The gnoll bouda barks out a call to the hunt!
The gnolls pick up the pace!
You shoot an arrow.
The arrow closely misses the gnoll bouda.
The gnoll hits you with a +0 whip.
The gnoll hits you from afar with a +0 spear!
The gnoll bouda hits you with a +0 club.
3365 ||| READING 2 scrolls of teleportation.
As you read the scroll of teleportation, it crumbles to dust.
You feel strangely unstable. The gnoll closely misses you.
The gnoll hits you from afar with a +0 spear.
The gnoll bouda closely misses you.
You shoot an arrow.
The arrow barely misses the gnoll bouda.
Your attacks no longer feel as feeble.
The gnoll hits you with a +0 whip.
You die...

...............#
.#############.# .# #.#
### .# #.# .... .# #.#
..... .### #<####.....
...# #%#........ .#.###
#.......... .#...######
###@.....##
.##..........gggg.......
.##..###########........
.##..# #........ ###..#
#######.. .....# .
....## ..#.# ..#.#


You could see a gnoll bouda and 3 gnolls.

Vanquished Creatures
  A phantom (D:4)
  An orc wizard (D:3)
  4 gnolls (D:3)
  4 adders
  A shadow imp (D:4)
  2 adder zombies (D:2)
  2 dart slugs
  3 ribbon worms
  4 orcs (D:3)
  8 ball pythons
  7 bats
  11 endoplasms
  6 giant cockroaches
  9 goblins
  12 hobgoblins
  5 jackals (D:1)
  3 quokkas
  2 ball python skeletons (D:2)
  7 frilled lizards
  5 kobolds
  12 rats
109 creatures vanquished.

Notes
Turn   | Place    | Note
-------+----------+-------------------------------------------
     0 | D:1      | qw the Demigod Hunter began the quest for the Orb.
     0 | D:1      | Reached XP level 1. HP: 17/17 MP: 3/3
     0 | D:1      | 0 ||| qw: Version: 0.3-a-155-g5e7d8dd
     0 | D:1      | 0 ||| qw: Game counter: 224
     0 | D:1      | 0 ||| qw: Melee chars always use a shield: true
     0 | D:1      | 0 ||| qw: God list: Okawaru
     0 | D:1      | 0 ||| qw: Allow faded altars: false
     0 | D:1      | 0 ||| qw: Do Orc after clearing Dungeon:15 true
     0 | D:1      | 0 ||| qw: Do second Lair branch before Depths: true
     0 | D:1      | 0 ||| qw: Lair rune preference: random
     0 | D:1      | 0 ||| qw: Goals: Normal
     0 | D:1      | 0 ||| PLANNING D:1-11
    94 | D:1      | Reached skill level 4 in Ranged Weapons
   105 | D:1      | Reached XP level 2. HP: 24/24 MP: 4/4
   353 | D:1      | Reached XP level 3. HP: 29/29 MP: 5/5
   546 | D:1      | 546 ||| UPGRADING to +0 ring mail.
   556 | D:1      | 556 ||| DROPPING +0 leather armour.
   557 | D:1      | 557 ||| DROPPING scroll of butterflies.
   840 | D:2      | Reached skill level 5 in Ranged Weapons
  1005 | D:2      | Reached XP level 4. HP: 16/36 MP: 6/6
  1012 | D:2      | Reached skill level 1 in Armour
  1660 | D:2      | 1660 ||| UPGRADING to +2 robe of resistance.
  1670 | D:2      | 1670 ||| DROPPING +0 ring mail.
  1671 | D:2      | 1671 ||| UPGRADING to +0 pair of boots.
  1676 | D:2      | 1676 ||| READING 2 scrolls labelled CUGAUJ UWN.
  1679 | D:2      | 1679 ||| READING 2 scrolls labelled KITWUA RUGGAAM.
  1679 | D:2      | 1679 ||| IDENTIFYING lumpy dark potion
  1680 | D:2      | 1680 ||| READING scroll of identify.
  1680 | D:2      | 1680 ||| IDENTIFYING viscous black potion
  1681 | D:2      | 1681 ||| READING scroll labelled KAMMOA QOOME.
  1682 | D:2      | 1682 ||| DRINKING 3 sedimented puce potions.
  1683 | D:2      | 1683 ||| DRINKING 4 inky potions.
  1721 | D:3      | 1721 ||| PLANNING SEWER
  1924 | D:3      | 1924 ||| FLEEEEING.
  2301 | D:3      | Reached XP level 5. HP: 41/41 MP: 7/7
  2374 | D:3      | 2374 ||| RIP SEWER
  2441 | D:3      | 2441 ||| PLANNING D:1-11
  2451 | D:3      | 2451 ||| UPGRADING to amulet of the acrobat.
  2456 | D:3      | 2456 ||| UPGRADING to +6 ring of strength.
  2457 | D:3      | 2457 ||| READING scroll of identify.
  2457 | D:3      | 2457 ||| IDENTIFYING metallic golden potion
  2458 | D:3      | 2458 ||| READING scroll labelled QUSCHE AHUO.
  2559 | D:3      | 2559 ||| DRINKING 3 metallic sapphire potions.
  2600 | D:3      | 2600 ||| DROPPING potion of invisibility.
  2601 | D:3      | 2601 ||| DROPPING 2 potions of lignification.
  2612 | D:4      | 2612 ||| STAIRDANCE
  2694 | D:4      | 2694 ||| STAIRDANCE
  2700 | D:3      | HP: 6/41 [gnoll/+0 whip (6)]
  2701 | D:3      | 2701 ||| READING 2 scrolls of teleportation.
  2702 | D:3      | 2702 ||| DRINKING potion of heal wounds.
  2835 | D:3      | Reached skill level 6 in Ranged Weapons
  2867 | D:4      | 2867 ||| STAIRDANCE
  3100 | D:4      | Reached skill level 3 in Fighting
  3100 | D:4      | 3100 ||| FLEEEEING.
  3101 | D:4      | 3101 ||| FLEEEEING.
  3115 | D:4      | 3115 ||| FLEEEEING.
  3116 | D:4      | 3116 ||| FLEEEEING.
  3117 | D:4      | 3117 ||| FLEEEEING.
  3118 | D:4      | 3118 ||| FLEEEEING.
  3119 | D:4      | 3119 ||| FLEEEEING.
  3120 | D:4      | 3120 ||| FLEEEEING.
  3121 | D:4      | 3121 ||| FLEEEEING.
  3122 | D:4      | 3122 ||| FLEEEEING.
  3123 | D:4      | 3123 ||| FLEEEEING.
  3348 | D:4      | Reached XP level 6. HP: 51/51 MP: 8/8
  3364 | D:4      | HP: 8/51 [gnoll bouda/+0 club (5)]
  3365 | D:4      | 3365 ||| READING 2 scrolls of teleportation.
  3365 | D:4      | HP: 3/51 [gnoll/+0 spear[a gnoll bouda] (5)]
  3366 | D:4      | Slain by a gnoll

Levels and vault maps discovered:
D:1:      dpeg_arrival_renting, layout_basic, hangedman_decor_points,
          corexii_item_surrounded_by_moat
D:2:      layout_loops_corners, serial_undead, serial_undead_e, serial_undead_c,
          serial_undead_b, serial_undead_a, serial_undead_c,
          hangedman_feature_mirror, minmay_joined_circles
D:3:      layout_basic, mainiacjoe_sewer_entry_somewhere_in_here_2
D:4:      layout_basic, mainiacjoe_overflow_brackets,
          lemuel_coloured_pillars_altar, tgw_sif, due_unseen_surprise

Skill      XL: |  1  2  3  4  5 |
---------------+----------------+-----
Ranged Weapons | 4 5 6 |  6.0
Fighting       | 2 3 |  3.2
Dodging        | 2 |  2.1
Armour         | 1 |  1.0
Stealth        | |  0.8

Action                     |  1- 3 |  4- 6 || total
---------------------------+-------+-------++-------
   Fire: Shortbow          |   143 |   186 ||   329
    Use: Scroll            |       |     8 ||     8
         Potion            |       |     4 ||     4
 Armour: Leather armour    |    20 |       ||    20
         Ring mail         |    25 |     9 ||    34
         Robe              |       |    49 ||    49
  Dodge: Dodged            |    63 |    60 ||   123

Table legend:
 A = Non-vault XP
 B = Vault XP
 C = Vault XP percentage of total XP
 D = Non-vault monster count
 E = Vault monster count
 F = Vault count percentage of total count
                 A         B        C        D         E       F
            +---------+---------+-------+---------+---------+-------
      Total |     382 |      70 |  15.5 |      85 |      24 |  22.0
            +---------+---------+-------+---------+---------+-------
        D:1 |      55 |       0 |   0.0 |      34 |       0 |   0.0
        D:2 |      47 |      58 |  55.2 |      21 |      17 |  44.7
        D:3 |     144 |      12 |   7.7 |      20 |       7 |  25.9
        D:4 |     136 |       0 |   0.0 |      10 |       0 |   0.0
            +---------+---------+-------+---------+---------+-------
